 Dungeon Crawl Stone Soup version 0.28-a0-819-g6ef7baa362 (webtiles) character file.

Game seed: 3746929507095175124

403726 Decritt the Slayer (level 23, -4/163 HPs)
             Began as a Gargoyle Fighter on Nov 8, 2021.
             Was a High Priest of Ru.
             Slain by a rockslime (14 damage)
             ... created by the Royal Jelly
             ... on level 5 of the Pits of Slime.
             The game lasted 04:47:51 (92915 turns).

Decritt the Slayer (Gargoyle Fighter)              Turns: 92915, Time: 04:47:51

Health: -4/163     AC: 45    Str: 32      XL:     23   Next: 36%
Magic:  0/23       EV: 14    Int: 16 (17) God:    Ru [*****.]
Gold:   2742       SH: 26    Dex: 18      Spells: 22/22 levels left

rFire   + + .      SeeInvis +   w - +4 demon whip
rCold   + + .      Faith    .   K - +4 tower shield
rNeg    + . .      Spirit   +   o - +3 gold dragon scales
rPois   ∞          Reflect  .   T - +2 hat {Int+3}
rElec   +          Harm     .   E - scarf {repulsion}
rCorr   +          Rampage  .   N - +0 pair of fencer's gloves {Riposte Dex+3}
Will    +++..                   f - +0 pair of boots
Stlth   ..........              j - amulet "Duisud" {Spirit rPois Str+7 Dex-3}
HPRegen 0.37/turn               G - ring of the Mage {Wiz Will++ Int+3}
MPRegen 0.18/turn               k - ring "Goqeuxas" {rCorr Dex+8 SInv}

@: mighty, resistant, corroded, flying, studying Maces & Flails, repel missiles
A: sickness immunity, AC +17, big wings, negative energy resistance 1, screaming
2, electricity resistance, torment resistance 1, petrification resistance,
inability to use devices, hated by all, no earth magic, no translocations magic,
no transmutations magic, clumsy 1, deterioration 1
}: 2/15 runes: barnacled, gossamer
a: Renounce Religion, Draw Out Power, Power Leap, Apocalypse


You were on level 5 of the Pits of Slime.
You worshipped Ru.
Ru was extremely pleased with you.
You visited 10 branches of the dungeon, and saw 45 of its levels.
You visited the Abyss 1 time.
You also visited: Gauntlet, Ice Cave and Volcano.

You collected 8004 gold pieces.
You spent 5262 gold pieces at shops.

Inventory:

Hand Weapons
 m - a +2 demon whip of venom
 w - a +4 demon whip (weapon)
 V - the +8 morningstar "Fity" {venom, rPois Str+4}
   (You took it off a minotaur in a Gauntlet)

   It poisons the flesh of those it strikes.
   Str:       It affects your strength (+4).
   rPois:     It protects you from poison.
 Z - the +9 mace of Eturoha {elec, rElec Int+2}
   (You bought it in a shop on level 2 of the Orcish Mines)

   It occasionally discharges a powerful burst of electricity upon striking a
   foe.
   Int:       It affects your intelligence (+2).
   rElec:     It insulates you from electricity.
Missiles
 h - 3 curare-tipped darts
 B - 3 atropa-tipped darts
 C - 2 boomerangs
 D - 14 javelins (quivered)
 L - 61 poisoned darts
Armour
 f - a +0 pair of boots (worn)
 o - +3 gold dragon scales (worn)
 E - a scarf of repulsion (worn)
 K - a +4 tower shield (worn)
 N - the +0 pair of fencer's gloves (worn) {Riposte Dex+3}
   (You found it on level 1 of the Spider Nest)

   It allows the wearer to riposte with melee weapons, swiftly retaliating
   against missed attacks.
   Dex:       It affects your dexterity (+3).
 T - a +2 hat of intelligence (worn)
Jewellery
 c - the ring "Decruvodgh" {Ice Int+2 Slay+2}
   (You took it off a frost giant on level 1 of the Depths)

   [ring of ice]

   It enhances your ice magic.
   Int:       It affects your intelligence (+2).
   Slay:      It affects your accuracy & damage with ranged weapons and melee
   (+2).
   rF:        It makes you vulnerable to fire.
   rC:        It protects you from cold.
 j - the amulet "Duisud" (around neck) {Spirit rPois Str+7 Dex-3}
   (You acquired it on level 3 of the Lair of Beasts)

   [amulet of guardian spirit]

   It causes incoming damage to be divided between your reserves of health and
   magic.
   Str:       It affects your strength (+7).
   Dex:       It affects your dexterity (-3).
   rPois:     It protects you from poison.
 k - the ring "Goqeuxas" (right hand) {rCorr Dex+8 SInv}
   (You found it on level 6 of the Lair of Beasts)

   [ring of resist corrosion]

   Dex:       It affects your dexterity (+8).
   SInv:      It lets you see invisible.
   rCorr:     It protects you from acid and corrosion.
 l - a ring of protection from fire
 u - a ring of willpower
 x - a ring of fire
 G - the ring of the Mage (left hand) {Wiz Will++ Int+3}
   (You found it on level 4 of the Depths)

   [ring of wizardry]

   It improves your spell success rate.
   Int:       It affects your intelligence (+3).
   Will:      It greatly increases your willpower.
 H - a +6 ring of dexterity
 U - a ring of protection from cold
Scrolls
 a - 3 scrolls of fear
 e - 4 scrolls of immolation
 i - 7 scrolls of teleportation
 n - 4 scrolls of magic mapping
 p - a scroll of fog
 r - 13 scrolls of identify
 t - 4 scrolls of holy word
 y - 7 scrolls of noise
 A - 4 scrolls of blinking
 F - 4 scrolls of enchant weapon
 I - 4 scrolls of silence
Potions
 b - a potion of resistance
 g - 3 potions of attraction
 q - 5 potions of mutation
 s - a potion of heal wounds
 v - 2 potions of curing
 z - 2 potions of magic
 S - 3 potions of haste


   Skills:
 + Level 22.3 Fighting
 + Level 20.9 Maces & Flails
 - Level 3.0 Throwing
 * Level 20.8 Armour
 + Level 15.1 Dodging
 * Level 19.2 Shields


You had 22 spell levels left.
You didn't know any spells.
Your spell library contained the following spells:

 Spells                   Type           Power      Damage    Failure   Level
 Foxfire                  Conj/Fire      0%         2x1d4     83%         1
 Pain                     Necr           0%         1d4       83%         1
 Shock                    Conj/Air       0%         1d3       83%         1
 Corpse Rot               Necr/Air       0%         N/A       92%         2
 Searing Ray              Conj           0%         2d4       92%         2
 Conjure Flame            Conj/Fire      0%         6-21      99%         3
 Dazzling Flash           Conj/Hex       0%         N/A       99%         3
 Frozen Ramparts          Ice            0%         1d2       99%         3
 Inner Flame              Hex/Fire       0%         N/A       99%         3
 Mephitic Cloud           Conj/Pois/Air  0%         N/A       99%         3
 Ozocubu's Armour         Ice            0%         N/A       99%         3
 Swiftness                Air            0%         N/A       99%         3
 Airstrike                Air            0%         N/A       100%        4
 Flame Wave               Conj/Fire      0%         3d3       100%        4
 Hailstorm                Conj/Ice       0%         3d3       100%        4
 Olgreb's Toxic Radiance  Pois           0%         N/A       100%        4
 Sticky Flame             Conj/Fire      0%         2d3       100%        4
 Agony                    Necr           0%         N/A       100%        5
 Excruciating Wounds      Necr           0%         N/A       100%        5
 Fireball                 Conj/Fire      0%         3d3       100%        5
 Freezing Cloud           Conj/Ice/Air   0%         6-21      100%        5
 Iskenderun's Battlesphe  Conj           0%         2d6       100%        5
 Lightning Bolt           Conj/Air       0%         1d11      100%        5
 Conjure Ball Lightning   Conj/Air       0%         3x3d6     100%        6
 Starburst                Conj/Fire      0%         6d3       100%        6
 Orb of Destruction       Conj           0%         N/A       100%        7
 Ozocubu's Refrigeration  Ice            0%         4d5       100%        7
 Ignition                 Fire           0%         3d3       100%        8
 Polar Vortex             Ice            0%         N/A       100%        9
 Animate Skeleton         Necr           Unusable   N/A       N/A         1
 Apportation              Tloc           Unusable   N/A       N/A         1
 Beastly Appendage        Tmut           Unusable   N/A       N/A         1
 Summon Small Mammal      Summ           Unusable   N/A       N/A         1
 Wereblood                Tmut           Unusable   N/A       N/A         2
 Call Canine Familiar     Summ           Unusable   N/A       N/A         3
 Gell's Gravitas          Tloc           Unusable   N/A       N/A         3
 Ignite Poison            Fire/Tmut/Pois Unusable   N/A       N/A         3
 Lesser Beckoning         Tloc           Unusable   N/A       N/A         3
 Portal Projectile        Hex/Tloc       Unusable   N/A       N/A         3
 Spider Form              Tmut/Pois      Unusable   N/A       N/A         3
 Stone Arrow              Conj/Erth      Unusable   3d7       N/A         3
 Teleport Other           Tloc           Unusable   N/A       N/A         3
 Animate Armour           Summ/Erth      Unusable   N/A       N/A         4
 Ice Form                 Ice/Tmut       Unusable   N/A       N/A         4
 Iskenderun's Mystic Bla  Conj/Tloc      Unusable   2d3       N/A         4
 Leda's Liquefaction      Hex/Erth       Unusable   N/A       N/A         4
 Petrify                  Tmut/Erth      Unusable   N/A       N/A         4
 Summon Ice Beast         Ice/Summ       Unusable   N/A       N/A         4
 Summon Lightning Spire   Summ/Air       Unusable   N/A       N/A         4
 Eringya's Noxious Bog    Tmut/Pois      Unusable   N/A       N/A         6
 Simulacrum               Ice/Necr       Unusable   N/A       N/A         6
 Storm Form               Tmut/Air       Unusable   N/A       N/A         7
 Lehudib's Crystal Spear  Conj/Erth      Unusable   10d2      N/A         8
 Necromutation            Tmut/Necr      Unusable   N/A       N/A         8

Dungeon Overview and Level Annotations

Branches:
Dungeon (15/15)            Temple (1/1) D:7            Lair (6/6) D:9
 Shoals (4/4) Lair:4       Spider (4/4) Lair:2        Slime (5/5) Lair:6
    Orc (2/2) D:11            Elf (3/3) Orc:2        Vaults (1/5) D:14
 Depths (4/4) D:15            Zot (0/5) Depths:4      IceCv (visited)
Volcano (visited)         Gauntlet (visited)

Altars:
Ashenzari
Cheibriados
Dithmenos
Elyvilon
Fedhas
Gozag
Hepliaklqana
Kikubaaqudgha
Makhleb
Nemelex Xobeh
Okawaru
Qazlal
Ru
Sif Muna
Trog
Uskayaw
Vehumet
Wu Jian
Xom
Yredelemnul
Zin
The Shining One

Shops:
D:7 *   D:8 ?   Orc:2 ((**   Elf:1 [   Elf:2 *   Elf:3 (*(   Shoals:1 [
Shoals:2 !*   Shoals:3 ((   Shoals:4 :

Portals:
Hell: Lair:6 Depths:1 Depths:2 Depths:3 Depths:4
Abyss: Depths:3
Pandemonium: Depths:2
Ziggurat: Depths:4

Annotations:
Slime:5 Royal Jelly


Innate Abilities, Weirdness & Mutations

You are immune to sickness and miasma.
Your stone body is resilient. (AC +17)
You are immune to poison.
Your large and strong wings let you fly.
You resist negative energy. (rN+)
You frequently scream uncontrollably at your foes.
You are resistant to electric shocks. (rElec)
You are resistant to unholy torment.
You are immune to petrification.
You cannot study or use magical devices.
You are hated by all.
You cannot study or cast Earth magic.
You cannot study or cast Translocations magic.
You cannot study or cast Transmutations magic.
You are clumsy. (Dex -2)
Your body sometimes deteriorates upon taking damage.


Message History

The acid blob spits acid at you. The splash of acid hits you. You resist.
You redirect the rockslime's attack!
The rockslime closely misses the quicksilver ooze.
Throw: 15 javelins
Press: ? - help, Q - select action, (/) - cycle Shift-Dir - straight line, f/p - Royal Jelly
Aim: the Royal Jelly (almost dead, 87% to hit)
You throw a javelin.
The javelin pierces through the azure jelly but does no damage.
The azure jelly is lightly wounded.
The javelin barely misses the Royal Jelly.
The javelin closely misses the azure jelly.
The azure jelly stops glowing.
You block the azure jelly's attack. The azure jelly hits you.
* * * LOW HITPOINT WARNING * * *
The azure jelly freezes you! You resist.
* * * LOW HITPOINT WARNING * * *
You block the azure jelly's attack. The azure jelly barely misses you.
The rockslime hits you but does no damage.
The rockslime hits you!
* * * LOW HITPOINT WARNING * * *
You hold your ground!
You focus your inner power and illuminate the rockslime in retribution!
The azure jelly hits you but does no damage.
The azure jelly closely misses you. You block the azure jelly's attack.
The azure jelly hits you but does no damage.
The acid blob hits you but does no damage.
You block the acid blob's attack.
The acid blob hits you but does no damage.
The rockslime hits you!!
* * * LOW HITPOINT WARNING * * *
Your body deteriorates!
You feel dopey.
You hold your ground!
The azure jelly hits you but does no damage.
The azure jelly closely misses you. The azure jelly misses you.
The azure jelly hits you but does no damage.
The rockslime hits you.
* * * LOW HITPOINT WARNING * * *
You hold your ground!
The rockslime hits you!
You die...

..........................
..........................
..........................
..........................
..........................
#..........G..............
#..............JJ.........
##.............JJJ.......#
##.#.##.....JJJ@JJ......#
#########..JJJJJ......##
#.#(JJJ#....###
##.#J##....## ##### ##.##
##


You could see the Royal Jelly, 4 acid blobs, 8 azure jellies, 3 rockslimes, an
eye of devastation and 3 quicksilver oozes.

Vanquished Creatures
  2 juggernauts
  Bai Suzhen (Shoals:2)
  Margery (Depths:4)
  2 bone dragons (Depths:4)
  2 golden dragons
  the Enchantress (Depths:3)
  Arachne (Spider:2)
  Jorgrun (Spider:2)
  2 liches
  2 tentacled monstrosities
  Rupert (Orc:1)
  2 deep elf blademasters (Elf:3)
  4 deep elf master archers (Elf:3)
  2 walking earthen tomes
  Asterion (Spider:1)
  A walking frostbound tome (D:15)
  2 sphinxes (Depths:4)
  2 krakens (Shoals:2)
  23 acid blobs
  Gastronok (D:8)
  Agnes (Spider:2)
  Donald (Spider:3)
  A tengu reaver (D:15)
  Kirke (Spider:2)
  11 azure jellies
  Ilsuiw (Shoals:3)
  3 iron dragons
  An azure jelly (shapeshifter) (Elf:1)
  2 deep elf sorcerers
  Roxanne (Spider:1)
  4 orc warlords
  7 frost giants
  A draconian knight (Depths:4)
  Aizul (Spider:3)
  8 rockslimes
  Louise (Shoals:3)
  5 fire giants
  4 ghost moths
  A vault warden (Vaults:1)
  7 emperor scorpions
  4 spriggan defenders
  6 stone giants
  14 very ugly things
  3 deep elf elementalists (Elf:3)
  A draconian stormcaller (Depths:4)
  6 caustic shrike skeletons (Depths:2)
  A reaper (Abyss:3)
  2 vampire knights
  12 quicksilver oozes
  A green draconian (Depths:4)
  10 deep elf annihilators
  A red draconian (Depths:4)
  2 yellow draconians
  4 entropy weavers
  A spark wasp (Depths:3)
  4 dire elephants
  A black draconian (Abyss:3)
  A minotaur (Gauntlet)
  2 purple draconians (Depths:4)
  An eidolon (Abyss:3)
  3 ettins
  3 deep elf death magi
  An eleionoma (Depths:2)
  A merfolk javelineer (Shoals:4)
  Snorg (Lair:5)
  8 fire dragons
  The ghost of Veteran the Geomancer, a journeyman FoEE of Okawaru (D:10)
  6 merfolk impalers
  3 deep elf high priests
  8 great orbs of eyes
  4 vault guards (Vaults:1)
  3 ice dragons (Depths:3)
  5 rakshasas
  An ironbound thunderhulk (Vaults:1)
  11 hydras
  A hell beast (Depths:3)
  6 spriggan air magi
  5 merfolk avatars
  6 boulder beetles
  3 ogre magi
  An alligator snapping turtle (Shoals:4)
  2 catoblepae
  6 centaur warriors
  A merfolk aquamancer (Shoals:4)
  2 satyrs
  6 deep troll shamans
  The ghost of kwasso the Skirmisher, a novice DrAK of Lugonu (D:10)
  18 dancing weapons
  9 two-headed ogres
  19 death yaks
  Urug (Orc:1)
  2 thrashing horrors (Abyss:3)
  2 ironbound frosthearts (D:14)
  2 hell hogs
  8 spriggan berserkers
  35 hell knights
  9 tengu warriors
  5 deep troll earth magi
  A soul eater (Depths:3)
  An orc high priest (Orc:1)
  9 deep elf knights
  A sixfirhy (Lair:6)
  11 skeletal warriors
  10 sea snakes
  6 iron trolls
  16 deep trolls
  9 deep elf archers
  7 spriggan druids
  4 lindwurms
  A shadow demon (Abyss:3)
  8 necromancers
  8 orc knights
  2 wizards
  An ironbound convoker (Vaults:1)
  An obsidian statue (D:10)
  30 harpies
  20 deep elf zephyrmancers
  32 ugly things
  18 deep elf pyromancers
  14 orb spiders
  21 wolf spiders
  16 fauns
  5 orc sorcerers
  2 oklob plants
  3 shining eyes
  A salamander (shapeshifter) (Elf:1)
  13 elephants
  11 cyclopes
  10 manticores
  A moth of wrath (Spider:2)
  A salamander (Volcano)
  A spriggan zombie (Abyss:3)
  14 merfolk sirens
  A vault sentinel (D:14)
  7 water nymphs
  5 black mambas
  A rust devil (Abyss:3)
  A smoke demon (Lair:6)
  2 eyes of devastation
  2 torpor snails
  3 orange demons (Lair:6)
  3 rime drakes (Lair:6)
  3 gargoyles
  21 cane toads
  A kobold demonologist (D:11)
  A tormentor (Abyss:3)
  A komodo dragon (shapeshifter) (D:14)
  9 komodo dragons
  2 anaconda simulacra
  2 ice devils
  6 tengu conjurers
  A freezing wraith (IceCv)
  8 demonic crawlers
  22 jumping spiders
  A red devil (Lair:6)
  3 golden dragon simulacra (IceCv)
  11 trolls
  2 polar bears
  20 merfolk
  21 blink frogs
  2 large abominations (Abyss:3)
  7 wind drakes
  20 hornets
  20 dream sheep
  85 slime creatures
  A raiju (Gauntlet)
  12 snapping turtles
  3 dire elephant simulacra
  A centaur simulacrum (D:11)
  39 spriggans
  7 wyverns
  55 redbacks
  2 air elementals
  A wyvern (shapeshifter) (Elf:1)
  15 water elementals
  7 fire bats
  6 fire elementals
  6 humans (Spider:3)
  31 tarantellas
  A basilisk (D:9)
  43 yaks
  2 yaks (shapeshifter)
  3 spriggan simulacra (Spider:2)
  A basilisk (shapeshifter) (D:14)
  2 small abominations (Abyss:3)
  5 golden eyes
  2 steam dragons
  5 vampire mosquitoes
  3 wargs
  A minotaur simulacrum (Spider:2)
  14 two-headed ogre zombies (Orc:1)
  4 acid dragons
  3 hydra simulacra (IceCv)
  22 water moccasins
  5 hell hounds
  2 floating eyes
  2 black bears
  A sky beast (D:5)
  64 orc warriors
  An ettin simulacrum (IceCv)
  6 wolves
  4 alligator simulacra (IceCv)
  22 centaurs
  12 ogres
  A phantom (D:7)
  3 kobold brigands
  12 bullfrogs
  3 scorpions
  An earth elemental (Elf:2)
  A gnoll sergeant (D:11)
  A water moccasin skeleton (D:6)
  10 killer bees
  2 lindwurm simulacra
  9 wights
  4 electric eels
  9 howler monkeys
  7 lava snakes (Volcano)
  8 centaur zombies
  A bullfrog zombie (D:6)
  9 jellies
  17 orc priests
  A hound (D:6)
  7 hell rats (Lair:6)
  4 iguanas
  21 orc wizards
  A statue (D:14)
  A hound skeleton (D:4)
  Robin (D:4)
  2 howler monkey zombies
  4 adders
  13 gnolls
  A howler monkey skeleton (D:7)
  3 white imps (Gauntlet)
  2 worms
  A dart slug (D:3)
  101 orcs
  7 ball pythons
  5 bats
  19 endoplasms
  2 giant cockroaches
  11 goblins
  4 hobgoblins
  4 quokkas
  4 frilled lizards
  12 kobolds
  5 rats
  11 tentacles
1766 creatures vanquished.

Vanquished Creatures (others)
  A deep elf blademaster (Elf:3)
  A deep elf master archer (Elf:3)
  An azure jelly (Slime:4)
  An orc warlord (Orc:1)
  A deep elf elementalist (Elf:3)
  A spriggan defender (Depths:3)
  Nessos (Orc:2)
  An entropy weaver (Spider:4)
  A spark wasp (Depths:3)
  An ettin (Depths:3)
  A deep troll shaman (Depths:3)
  A dancing weapon (Elf:3)
  A deep troll (Depths:4)
  A deep elf pyromancer (Elf:3)
  A wolf spider (Spider:4)
  A deep elf zephyrmancer (Elf:1)
  An orb spider (Spider:4)
  An ugly thing (D:14)
  A cane toad (Lair:6)
  A demonic crawler (Spider:3)
  A merfolk (Shoals:4)
  4 slime creatures
  A hornet (Depths:2)
  3 redbacks
  2 spriggans (Depths:2)
  A water elemental (Elf:1)
  A golden eye (Slime:3)
  An ogre (D:15)
  A bullfrog (Lair:4)
  A lindwurm simulacrum (Spider:2)
  An orc wizard (Orc:2)
  5 orcs
  3 bushes
  73 fungi
  133 plants
  10 starspawn tentacles (Abyss:3)
  78 tentacles
339 creatures vanquished.

Grand Total: 2105 creatures vanquished

Notes
Turn   | Place    | Note
-------+----------+-------------------------------------------
     0 | D:1      | Decritt the Gargoyle Fighter began the quest for the Orb.
     0 | D:1      | Reached XP level 1. HP: 14/14 MP: 1/1
   351 | D:1      | Reached XP level 2. HP: 12/19 MP: 2/2
   835 | D:1      | Found a faded altar of an unknown god.
  1124 | D:2      | Reached skill level 4 in Fighting
  1124 | D:2      | Reached XP level 3. HP: 9/24 MP: 3/3
  1401 | D:2      | Found a snail-covered altar of Cheibriados.
  1670 | D:2      | You fall into a shaft and drop 2 floors!
  1672 | D:4      | Noticed a black bear
  1712 | D:2      | Killed a black bear
  1713 | D:2      | Reached XP level 4. HP: 20/30 MP: 4/4
  1713 | D:2      | Reached XP level 5. HP: 23/34 MP: 5/5
  1716 | D:2      | Reached skill level 5 in Fighting
  3186 | D:4      | Noticed a kobold brigand
  3191 | D:4      | Reached skill level 1 in Throwing
  3209 | D:4      | Killed a kobold brigand
  3210 | D:4      | Reached XP level 6. HP: 30/40 MP: 6/6
  3409 | D:4      | Got the Incunabulum of Gliding Changing
  3640 | D:4      | Reached skill level 5 in Maces & Flails
  3640 | D:4      | Reached XP level 7. HP: 23/44 MP: 7/7
  3835 | D:4      | Noticed Robin
  3991 | D:4      | Killed Robin
  4114 | D:5      | Entered Level 5 of the Dungeon
  4168 | D:5      | Reached skill level 6 in Fighting
  5099 | D:6      | Reached XP level 8. HP: 34/52 MP: 8/8
  5575 | D:5      | Reached skill level 1 in Dodging
  6561 | D:6      | Found an iron altar of Okawaru.
  6642 | D:6      | Reached skill level 5 in Armour
  6649 | D:6      | Reached skill level 7 in Fighting
  6870 | D:7      | Reached XP level 9. HP: 57/57 MP: 9/9
  6885 | D:7      | Found Tosank's Neck Hole.
  6893 | D:7      | Bought a scarf of repulsion for 156 gold pieces
  7347 | D:7      | Found a staircase to the Ecumenical Temple.
  7365 | Temple   | Entered the Ecumenical Temple
  7454 | Temple   | Became a worshipper of Ru the Awakened
  8531 | D:8      | Noticed a hornet
  8538 | D:8      | Killed a hornet
  9029 | D:8      | Reached skill level 8 in Fighting
  9029 | D:8      | Reached XP level 10. HP: 48/64 MP: 10/10
  9325 | D:8      | Found Futu's Magic Scroll Shoppe.
  9334 | D:8      | Bought a scroll of identify for 26 gold pieces
  9334 | D:8      | Bought a scroll of identify for 26 gold pieces
  9334 | D:8      | Bought a scroll of identify for 26 gold pieces
  9653 | D:8      | Noticed Gastronok
  9677 | D:8      | HP: 2/64 [Gastronok/the air (19)]
 10171 | D:9      | Found a staircase to the Lair.
 10673 | D:9      | Noticed a two-headed ogre
 10732 | D:9      | Killed a two-headed ogre
 10820 | D:9      | Reached skill level 10 in Maces & Flails
 10952 | D:9      | Noticed a two-headed ogre
 11056 | D:8      | Killed a two-headed ogre
 11057 | D:8      | Reached skill level 9 in Fighting
 11057 | D:8      | Reached XP level 11. HP: 34/71 MP: 11/11
 11956 | D:10     | Entered Level 10 of the Dungeon
 12373 | D:10     | Noticed a two-headed ogre
 12405 | D:9      | HP: 3/71 [two-headed ogre (20)]
 13018 | D:10     | Noticed an obsidian statue
 13064 | D:10     | Found a runed translucent gate.
 13064 | D:10     | Found a runed translucent gate.
 13064 | D:10     | Found a runed translucent gate.
 13065 | D:10     | Noticed kwasso's ghost (novice DrAK)
 13065 | D:10     | Noticed Veteran's ghost (journeyman FoEE)
 13272 | D:11     | Found a glowing silver altar of Zin.
 13276 | D:11     | Noticed a two-headed ogre
 14237 | D:11     | Found a staircase to the Orcish Mines.
 14333 | D:11     | Noticed a cyclops
 14334 | D:11     | Noticed a boulder beetle
 14360 | D:10     | Killed a boulder beetle
 14361 | D:10     | Reached skill level 10 in Armour
 14361 | D:10     | Reached skill level 5 in Dodging
 14506 | D:11     | Noticed an ogre mage
 14700 | D:10     | Killed a two-headed ogre
 14993 | D:9      | Killed a two-headed ogre
 14994 | D:9      | Reached skill level 10 in Fighting
 15082 | Lair:1   | Entered Level 1 of the Lair of Beasts
 15527 | Lair:1   | Reached skill level 11 in Fighting
 15666 | Lair:1   | Identified a scroll of acquirement
 15666 | Lair:1   | Acquired a +1 crystal plate armour
 15722 | Lair:1   | Noticed a seven-headed hydra
 15767 | Lair:1   | Killed a seven-headed hydra
 16361 | Lair:1   | Noticed an eight-headed hydra
 16727 | Orc:1    | Entered Level 1 of the Orcish Mines
 16730 | Orc:1    | Noticed an orc knight
 16814 | Orc:1    | Noticed an orc warlord
 16831 | D:11     | Reached XP level 12. HP: 23/80 MP: 12/12
 16832 | D:11     | Upgraded the game from 0.28-a0-811-g00180f5fcc to
                  | 0.28-a0-819-g6ef7baa362
 17510 | D:11     | Killed an orc warlord
 17867 | D:11     | Paralysed by something for 6 turns
 17883 | D:11     | Paralysed by something for 6 turns
 17891 | D:11     | Killed an ogre mage
 18113 | D:11     | Noticed a four-headed hydra
 18350 | Lair:2   | Noticed an eight-headed hydra
 18365 | Lair:2   | Killed an eight-headed hydra
 18651 | Lair:1   | Reached skill level 12 in Fighting
 19794 | Lair:2   | Found a hole to the Spider Nest.
 20608 | Lair:2   | Gained mutation: You are hated by all. [Ru sacrifice]
 20608 | Lair:2   | Reached * piety under Ru
 20637 | Lair:2   | Reached XP level 13. HP: 87/87 MP: 13/13
 20886 | Spider:1 | Entered Level 1 of the Spider Nest
 20886 | Spider:1 | Noticed Roxanne
 20926 | Spider:1 | Reached skill level 13 in Fighting
 20966 | Spider:1 | Reached skill level 5 in Shields
 24436 | Lair:4   | Found an iron altar of Okawaru.
 25229 | Lair:4   | Found a staircase to the Shoals.
 26027 | Lair:4   | Reached skill level 14 in Fighting
 26230 | Lair:4   | Gained mutation: Your large and strong wings let you fly.
                  | [Gargoyle growth]
 26230 | Lair:4   | Reached XP level 14. HP: 60/96 MP: 14/14
 26541 | Lair:5   | Acquired the +6 flail "Qayceugh" {freeze, rN+ Dex+3}
 27061 | Lair:3   | Acquired the amulet "Duisud" {Spirit rPois Str+7 Dex-3}
 28023 | Lair:5   | Noticed Snorg
 28033 | Lair:5   | Killed Snorg
 28213 | Lair:6   | Entered Level 6 of the Lair of Beasts
 28959 | Lair:6   | Found a dark tunnel.
 28965 | Volcano  | Entered a volcano
 29809 | Volcano  | HP: 3/96 [red devil[an obsidian statue] (9)]
 30619 | Lair:6   | Found a burning altar of Makhleb.
 31098 | Lair:6   | Noticed a dire elephant
 31118 | Lair:6   | Killed a dire elephant
 31527 | Lair:6   | Reached XP level 15. HP: 82/101 MP: 12/15
 31722 | Lair:6   | Found a gateway to Hell.
 31729 | Lair:6   | Identified the ring "Goqeuxas" {rCorr Dex+8 SInv}
 31972 | Lair:6   | Found a staircase to the Slime Pits.
 32037 | Lair:6   | Reached skill level 15 in Fighting
 32261 | Shoals:1 | Entered Level 1 of the Shoals
 32853 | Shoals:1 | Gained mutation: You cannot study or cast Earth magic. [Ru
                  | sacrifice]
 32853 | Shoals:1 | Gained mutation: You cannot study or cast Transmutations
                  | magic. [Ru sacrifice]
 32853 | Shoals:1 | Gained mutation: You cannot study or cast Translocations
                  | magic. [Ru sacrifice]
 32853 | Shoals:1 | Reached ** piety under Ru
 33629 | Shoals:1 | Found Ydoqosm's Antique Armour Emporium.
 34647 | Shoals:1 | Reached skill level 15 in Maces & Flails
 35598 | Shoals:2 | Reached skill level 10 in Dodging
 35607 | Shoals:2 | Reached XP level 16. HP: 100/110 MP: 16/16
 35794 | Shoals:2 | Found Nualiegri's Mass Market.
 36327 | Shoals:2 | Found Nataixuu's Distillery.
 36336 | Shoals:2 | Bought a potion of heal wounds for 75 gold pieces
 36336 | Shoals:2 | Bought a potion of heal wounds for 75 gold pieces
 36635 | Shoals:2 | Noticed a kraken
 37060 | Shoals:2 | Killed a kraken
 37061 | Shoals:2 | Reached skill level 16 in Fighting
 37179 | Shoals:2 | Noticed a kraken
 37236 | Shoals:2 | Killed a kraken
 38268 | Shoals:3 | Noticed Bai Suzhen
 38304 | Shoals:2 | Killed Bai Suzhen
 38305 | Shoals:2 | Reached skill level 15 in Armour
 38479 | Shoals:3 | Noticed Ilsuiw
 38503 | Shoals:3 | Killed Ilsuiw
 38648 | Shoals:3 | Found Ereenkes's Antique Weapon Emporium.
 38659 | Shoals:3 | Bought a glowing morningstar for 147 gold pieces
 39128 | Shoals:3 | Noticed Louise
 39141 | Shoals:3 | Killed Louise
 39162 | Shoals:3 | Found Yxosch's Antique Weapon Emporium.
 39212 | Shoals:3 | Noticed a kraken
 39873 | Shoals:4 | Entered Level 4 of the Shoals
 40752 | Shoals:4 | Identified the +2 glaive "Otyonat" {vorpal, rC+ SInv}
 40805 | Shoals:4 | Reached skill level 10 in Shields
 41284 | Shoals:4 | Found Fapy Wie's Self-Improvement Boutique.
 41792 | Shoals:4 | Got a barnacled rune of Zot
 42401 | Spider:1 | Killed Roxanne
 42656 | Spider:1 | Found the +0 pair of fencer's gloves {Riposte Dex+3}
 42985 | Spider:1 | Identified the +5 kite shield of Polytheism {rPois Int+2}
 42985 | Spider:1 | Noticed Asterion
 43007 | Spider:1 | Killed Asterion
 43008 | Spider:1 | Reached XP level 17. HP: 45/116 MP: 8/17
 44003 | Spider:2 | Found a frozen archway.
 44564 | IceCv    | Entered an ice cave
 44735 | IceCv    | Reached skill level 17 in Fighting
 45189 | IceCv    | Identified the +1 scale mail of the Enchanted Forest
                  | {rCorr}
 45920 | Spider:2 | Noticed Jorgrun
 45928 | Spider:2 | Noticed Agnes
 45942 | Spider:2 | Killed Jorgrun
 45953 | Spider:2 | Killed Agnes
 45967 | Spider:2 | Gained mutation: You occasionally shout uncontrollably at
                  | your foes. [Ru sacrifice]
 45967 | Spider:2 | Reached *** piety under Ru
 46117 | Spider:2 | Noticed Arachne
 46147 | Spider:2 | Killed Arachne
 46876 | Spider:3 | Noticed Kirke
 47077 | Spider:2 | Noticed a sphinx
 47078 | Spider:2 | Killed Kirke
 48024 | Spider:3 | Identified the +4 scale mail "Oguqoz" {rN+}
 48182 | Spider:3 | Noticed Aizul
 48208 | Spider:3 | Killed Aizul
 48225 | Spider:3 | Noticed Donald
 48245 | Spider:3 | Killed Donald
 48784 | Spider:3 | Reached skill level 18 in Fighting
 48900 | Spider:4 | Entered Level 4 of the Spider Nest
 50188 | Spider:4 | Reached XP level 18. HP: 125/126 MP: 18/18
 50750 | Spider:4 | Got a gossamer rune of Zot
 51446 | D:8      | Found Futu's Magic Scroll Shoppe.
 51910 | D:8      | Killed Gastronok
 52167 | D:10     | Killed kwasso's ghost
 52183 | D:10     | Killed Veteran's ghost
 52737 | D:12     | Found a gate leading to a gauntlet.
 52754 | Gauntlet | Entered a Gauntlet
 52754 | Gauntlet | Found a transporter.
 52754 | Gauntlet | Found a transporter.
 52766 | Gauntlet | Found a transporter.
 52778 | Gauntlet | Found a transporter.
 52780 | Gauntlet | Found a large runed translucent door.
 52781 | Gauntlet | Found a large runed translucent door.
 52782 | Gauntlet | Found a large runed translucent door.
 52782 | Gauntlet | Found a large runed translucent door.
 52793 | Gauntlet | Found a transporter.
 52807 | Gauntlet | Found a transporter.
 52833 | Gauntlet | Found a large runed translucent door.
 52885 | Gauntlet | Found a transporter.
 52900 | Gauntlet | Found a transporter.
 52918 | Gauntlet | Found a transporter.
 52930 | Gauntlet | Found a transporter.
 53019 | Gauntlet | Found a transporter.
 53020 | Gauntlet | Found a transporter.
 53021 | Gauntlet | Found a large runed translucent door.
 53022 | Gauntlet | Found a large runed translucent door.
 53023 | Gauntlet | Found a large runed translucent door.
 53023 | Gauntlet | Found a large runed translucent door.
 53023 | Gauntlet | Found a runed translucent door.
 53023 | Gauntlet | Found a runed translucent door.
 53024 | Gauntlet | Found a large runed translucent door.
 53024 | Gauntlet | Found a large runed translucent door.
 53025 | Gauntlet | Found a large runed translucent door.
 53025 | Gauntlet | Found a large runed translucent door.
 53026 | Gauntlet | Found a large runed translucent door.
 53026 | Gauntlet | Found a large runed translucent door.
 53026 | Gauntlet | Found a large runed translucent door.
 53028 | Gauntlet | Found a runed translucent gate.
 53028 | Gauntlet | Found a runed translucent gate.
 53028 | Gauntlet | Found a runed translucent gate.
 53030 | Gauntlet | Found a transporter.
 53034 | Gauntlet | Found a transporter.
 53037 | Gauntlet | Found a transporter.
 53040 | Gauntlet | Found a transporter.
 53097 | Gauntlet | Identified the ring "Icurot" {rPois rCorr MP-9 SInv}
 53226 | Gauntlet | Identified the +8 morningstar "Fity" {venom, rPois Str+4}
 53257 | Gauntlet | Identified the +4 long sword of Fee Simple {vorpal, rPois
                  | Will- Str+3 Dex+6}
 53342 | D:12     | Reached skill level 19 in Fighting
 53427 | D:12     | Identified the +5 ring mail of Ziruim {Rampage Drain Int+4}
 53557 | D:12     | Identified the +8 short sword of Midwinter {drain, rPois}
 54606 | Orc:1    | Noticed Urug
 54924 | Orc:1    | Killed Urug
 55569 | Orc:2    | Entered Level 2 of the Orcish Mines
 55647 | Orc:1    | Gained mutation: You cannot study or use magical devices.
                  | [Ru sacrifice]
 55647 | Orc:1    | Reached **** piety under Ru
 55647 | Orc:1    | Reached ***** piety under Ru
 56832 | Orc:2    | Noticed Nessos
 56858 | Orc:2    | Noticed Rupert
 57117 | Orc:1    | Paralysed by Rupert for 7 turns
 57125 | Orc:1    | Killed Rupert
 57442 | Orc:2    | Killed Nessos
 57557 | Orc:2    | Found a shimmering altar of Xom.
 57617 | Orc:2    | Found Xyawnage's Antique Weapon Emporium.
 57617 | Orc:2    | Found Acuecri's General Store.
 57617 | Orc:2    | Found Geonoa's Assorted Antiques.
 57633 | Orc:2    | Found Viomall's Weapon Shoppe.
 57651 | Orc:2    | Bought a scroll of blinking for 97 gold pieces
 57651 | Orc:2    | Bought a potion of might for 52 gold pieces
 57652 | Orc:2    | Bought an ancient morningstar for 234 gold pieces
 57652 | Orc:2    | Identified the +9 morningstar of Omadaf Jesuxt {venom,
                  | rElec rCorr} (You bought it in a shop on level 2 of the
                  | Orcish Mines)
 57655 | Orc:2    | Bought a potion of curing for 78 gold pieces
 57655 | Orc:2    | Bought a transparent mace for 208 gold pieces
 57655 | Orc:2    | Identified the +9 mace of Eturoha {elec, rElec Int+2} (You
                  | bought it in a shop on level 2 of the Orcish Mines)
 57708 | Orc:2    | Found a staircase to the Elven Halls.
 57954 | Orc:2    | Got the Guide on Supportive Dark Rituals
 57961 | Orc:2    | Got the Collected Works on the Frigorific Mountains
 58169 | Elf:1    | Entered Level 1 of the Elven Halls
 58187 | Orc:2    | Cast into level 3 of the Abyss (a deep elf sorcerer)
 58448 | Abyss:3  | Reached XP level 19. HP: 55/124 MP: 7/19
 58548 | Orc:2    | Escaped the Abyss
 58926 | D:13     | Found Neenul's General Store.
 59657 | D:14     | Found a gate to the Vaults.
 60132 | D:14     | Found a radiant altar of Vehumet.
 61080 | D:14     | Reached skill level 20 in Fighting
 61359 | D:15     | Entered Level 15 of the Dungeon
 62425 | D:15     | Found a staircase to the Depths.
 62646 | Depths:1 | Entered Level 1 of the Depths
 62927 | Orc:2    | Acquired 1132 gold pieces
 62932 | Orc:2    | Bought the +8 plate armour of Untold Secrets {Will+ Int+3}
                  | for 1064 gold pieces
 63496 | Elf:1    | Found Zedwe's Antique Armour Shoppe.
 63509 | Elf:1    | Bought a pair of faintly glowing boots for 304 gold pieces
 63509 | Elf:1    | Identified the +0 pair of boots "Xoemawnu" {rN+++ Str-4
                  | Int+4 Dex-2} (You bought it in a shop on level 1 of the
                  | Elven Halls)
 63776 | Elf:1    | Reached skill level 15 in Shields
 64481 | Elf:2    | Found a shimmering blue altar of Sif Muna.
 64734 | Elf:2    | Found Eggaejiora's Assorted Antiques.
 64752 | Elf:2    | Bought a potion of heal wounds for 185 gold pieces
 64752 | Elf:2    | Bought a scroll of teleportation for 111 gold pieces
 64834 | Elf:2    | Found a runed translucent gate.
 64834 | Elf:2    | Found a runed translucent gate.
 64835 | Elf:2    | Found a runed translucent gate.
 64852 | Elf:2    | Acquired 734 gold pieces
 65294 | Shoals:4 | Bought a manual of Maces & Flails for 1120 gold pieces
 65349 | Shoals:2 | Bought a potion of resistance for 150 gold pieces
 65349 | Shoals:2 | Bought a potion of curing for 45 gold pieces
 65349 | Shoals:2 | Bought a potion of might for 60 gold pieces
 65349 | Shoals:2 | Bought a potion of curing for 45 gold pieces
 65349 | Shoals:2 | Bought a potion of berserk rage for 75 gold pieces
 65349 | Shoals:2 | Bought a potion of curing for 45 gold pieces
 65349 | Shoals:2 | Bought a potion of ambrosia for 120 gold pieces
 65349 | Shoals:2 | Bought a potion of curing for 45 gold pieces
 65349 | Shoals:2 | Bought a potion of curing for 45 gold pieces
 65349 | Shoals:2 | Bought a potion of mutation for 120 gold pieces
 65573 | D:8      | Bought a scroll of enchant armour for 97 gold pieces
 65573 | D:8      | Bought a scroll of immolation for 45 gold pieces
 65573 | D:8      | Bought a scroll of enchant armour for 97 gold pieces
 65573 | D:8      | Bought a scroll of enchant weapon for 97 gold pieces
 65573 | D:8      | Bought a scroll of fear for 45 gold pieces
 65718 | Elf:2    | Reached XP level 20. HP: 141/141 MP: 20/20
 65720 | Elf:3    | Entered Level 3 of the Elven Halls
 66018 | Elf:3    | Found Luithrio's Antique Weapon Shoppe.
 66020 | Elf:3    | Found Samogg's General Store.
 66024 | Elf:3    | Found Pioxur's Antique Weapon Shoppe.
 66033 | Elf:3    | Bought a scroll of teleportation for 42 gold pieces
 66033 | Elf:3    | Bought a scroll of blinking for 105 gold pieces
 66611 | Elf:3    | Identified the +1 scale mail of the Pits of Slime {rN+}
 66611 | Elf:3    | Identified the ring of Zateh {rN+ SInv Stlth+}
 66624 | Elf:3    | Paralysed by an air elemental for 1 turns
 66955 | Elf:3    | Got the Handbook of Attacks
 66959 | Elf:3    | Identified the amulet of Riapur {Spirit rCorr}
 67001 | Elf:3    | Identified the +2 chain mail of the Lotus Blossom {rElec
                  | Regen+}
 67266 | Elf:3    | Found the +8 arc blade {discharge, rElec}
 67350 | Elf:3    | Identified the +3 halberd of Ebauca {spect, rF+ rC+ Dex+2}
 67364 | Elf:3    | Identified the +8 arbalest of Eklyneih {elec, rN+ Will+++
                  | Int+4 Dex-5}
 68926 | Depths:1 | Gained mutation: You frequently scream uncontrollably at
                  | your foes. [Ru sacrifice]
 69522 | Vaults:1 | Entered Level 1 of the Vaults
 71809 | Slime:1  | Entered Level 1 of the Pits of Slime
 72438 | Slime:1  | You are sucked into a shaft and drop 1 floor!
 72451 | Slime:1  | Reached skill level 21 in Fighting
 72780 | Slime:1  | Gained mutation: You are clumsy. (Dex -2) [a shining eye]
 73514 | Slime:2  | Gained mutation: You sometimes lose the ability to read
                  | scrolls when taking damage. [a shining eye]
 73528 | Slime:2  | Reached XP level 21. HP: 100/148 MP: 14/21
 75229 | Slime:4  | Paralysed by a floating eye for 2 turns
 75236 | Slime:3  | Paralysed by a floating eye for 2 turns
 76070 | Slime:4  | Gained mutation: You are frail. (-10% HP) [a shining eye]
 76386 | Slime:5  | Entered Level 5 of the Pits of Slime
 77869 | Slime:5  | Noticed the Royal Jelly
 78072 | Slime:4  | HP: 5/134 [quicksilver ooze[the Royal Jelly] (16)]
 80185 | Depths:1 | Lost mutation: You sometimes lose the ability to read
                  | scrolls when taking damage. [potion of mutation]
 80185 | Depths:1 | Lost mutation: You are frail. (-10% HP) [potion of
                  | mutation]
 80185 | Depths:1 | Gained mutation: Your body sometimes deteriorates upon
                  | taking damage. [potion of mutation]
 80242 | Depths:1 | Noticed a golden dragon
 80287 | D:15     | Paralysed by a vampire knight for 5 turns
 81123 | D:15     | Killed a golden dragon
 82289 | Depths:1 | Identified the ring "Decruvodgh" {Ice Int+2 Slay+2}
 82406 | Depths:1 | Identified the +5 arbalest of the Evil Eye {penet, rC+}
 82449 | Depths:1 | Identified the +3 ring mail of a bazaar {Rampage Int-5
                  | Dex+8}
 84148 | Depths:2 | Identified the +7 giant club "Wizidiuli" {vorpal, rPois
                  | Str+4 Int+3}
 84148 | Depths:2 | Identified the +6 giant club of Xablew {vorpal, rF+ rC+}
 84552 | Depths:2 | Noticed the Enchantress
 84600 | Depths:3 | Found a one-way gate to the infinite horrors of the Abyss.
 84603 | Depths:3 | Reached XP level 22. HP: 70/141 MP: 2/22
 84760 | Depths:3 | HP: 4/139 [ice dragon/blast of cold (12)]
 84780 | Depths:3 | Noticed a golden dragon
 84780 | Depths:3 | HP: 7/140 [tengu warrior (6)]
 85501 | Depths:3 | Noticed a juggernaut
 85525 | Depths:3 | Killed a juggernaut
 85842 | Depths:4 | Entered Level 4 of the Depths
 86311 | Depths:2 | Found a one-way gate leading to the halls of Pandemonium.
 87045 | Depths:2 | Found a bloodstained altar of Trog.
 87777 | Depths:3 | Reached skill level 22 in Fighting
 88056 | Depths:3 | Killed a golden dragon
 88199 | Depths:3 | Paralysed by a great orb of eyes for 5 turns
 88573 | Depths:3 | Killed the Enchantress
 88700 | Depths:4 | Found a snail-covered altar of Cheibriados.
 89663 | Depths:4 | Reached XP level 23. HP: 122/162 MP: 18/23
 89804 | Depths:4 | Reached skill level 15 in Dodging
 89972 | Depths:4 | Found a gate to the Realm of Zot.
 90585 | Depths:4 | Found a gateway to a ziggurat.
 90703 | Depths:4 | Found the ring of the Mage {Wiz Will++ Int+3}
 90720 | Depths:4 | Noticed Margery
 90751 | Depths:4 | Noticed a juggernaut
 90760 | Depths:4 | Killed Margery
 90790 | Depths:4 | Killed a juggernaut
 91878 | Depths:4 | Found a snail-covered altar of Cheibriados.
 92024 | Depths:4 | Found a gate to the Realm of Zot.
 92915 | Slime:5  | Slain by a rockslime

Illustrated notes

Levels and vault maps discovered:
D:1:      psy_arrival_terrarium, layout_basic,
          shapermc_ecumenical_altar_pompeii, minivault_24
D:2:      layout_loops_ring, basic_altar, kennysheep_nub
D:3:      layout_basic
D:4:      layout_rooms, uniq_robin
D:5:      layout_loops_cross
D:6:      layout_basic, okawaru_metal_pillars_3
D:7:      layout_loops_ring, minmay_temple_entry_offerings,
          lightli_ossuary_entry_decrepit_ruins,
          nicolae_shop_sticking_my_neck_out
D:8:      layout_loops_ring, serial_shops, nicolae_lakefront_shop,
          grunt_decor_one_mirror, uniq_gastronok
D:9:      layout_long_grid, minmay_lair_entry_grove
D:10:     layout_cave_pools, gammafunk_ghost_cemetery, minmay_misc_feat_rugged,
          minivault_16, dk_noncrumbling_3, patterned_corridor
D:11:     cheibrodos_ideogram_h, layout_basic, orc_0_dummy, zin_statuary
D:12:     layout_loops_ring, gauntlet_entry_generic, grunt_ministairs_11
D:13:     layout_long_grid, st_stairs_5, nicolae_inconvenience_store
D:14:     layout_long_grid, erik_vaults_1, basic_altar, grunt_ministairs_2,
          vehumet_statue
D:15:     grunt_enter_depths_hoard, layout_basic
Temple:   grunt_wide_crystal_templ
Lair:1:   layout_cave_pods, serial_bayou_pond_b, grunt_megastairs_5,
          serial_bayou_shore_a
Lair:2:   layout_long_grid, spider_nest_entry_webs, beast_lair_carwin_7
Lair:3:   layout_gridlike, beast_lair_carwin_6
Lair:4:   layout_gridlike, minmay_shoals_entry_hut, basic_altar,
          minmay_lair_oklob_items, lemuel_old_faithful
Lair:5:   lemuel_slime, layout_gridlike, uniq_snorg
Lair:6:   evil_forest, layout_small_grid, dpeg_slime_entry_corner,
          nicolae_volcano_entry_s_turn, infiniplex_staircase_pool_2
Shoals:1: layout_shoals, serial_shops,
          nicolae_shop_temple_entry_statues_fountains
Shoals:2: layout_shoals, serial_shops, shop, minmay_shop_mass
Shoals:3: layout_shoals, serial_shops, nicolae_shop_waterfront,
          nicolae_take_the_stairs, uniq_ilsuiw, uniq_bai_suzhen, uniq_louise
Shoals:4: shoals_end_simple, layout_shoals, nicolae_shop_self_help
Spider:1: layout_chambers, uniq_asterion, uniq_roxanne
Spider:2: layout_chambers, portal_ice_cave_entry_ice_simulacra, uniq_arachne,
          uniq_jorgrun, uniq_agnes
Spider:3: nicolae_spider_hilbert_zone_2 [nicolae_spider_hilbert_4_sides_1_open,
          nicolae_spider_hilbert_4_sides_1_open,
          nicolae_spider_hilbert_4_sides_1_open,
          nicolae_spider_hilbert_4_sides_1_open,
          nicolae_spider_hilbert_6_sides_1_open,
          nicolae_spider_hilbert_6_sides_1_open,
          nicolae_spider_hilbert_3_sides_1_open,
          nicolae_spider_hilbert_3_sides_1_open,
          nicolae_spider_hilbert_3_sides_1_open,
          nicolae_spider_hilbert_3_sides_1_open,
          nicolae_spider_hilbert_6_sides_1_open,
          nicolae_spider_hilbert_6_sides_1_open,
          nicolae_spider_hilbert_6_sides_1_open,
          nicolae_spider_hilbert_6_sides_1_open], drop_trap, uniq_aizul,
          uniq_kirke, uniq_donald
Spider:4: grunt_spider_rune_circles
Slime:1:  layout_caves, nicolae_slime_phagocytosis
Slime:2:  layout_caves
Slime:3:  layout_caves, cheibrodos_slime_lost_civilization_5
Slime:4:  layout_caves
Slime:5
Orc:1:    lemuel_ogre_cave, layout_diamond_mine, uniq_urug
Orc:2:    st_orc_rangers, layout_caves, basic_altar, nicolae_orc_rockfall,
          minmay_orc_treasury, uniq_nessos, uniq_rupert
Elf:1:    minmay_elf_arrival_circle, layout_rooms, serial_shops, shop,
          evilmike_minifort, hangedman_glass_teeth
Elf:2:    elven_hall_of_blades_hangedman_original
          [nicolae_blade_entry_sentries_behind_glass], layout_loops_ring,
          basic_altar, serial_shops, nicolae_square_shop, lemuel_elevator
Elf:3:    minmay_elf_hall, layout_gridlike, minmay_shop_star
Vaults:1: nicolae_vaults_little_squares_2, v_misc_18,
          nicolae_vaults_circle_grid_a, v_pattern_1, v_misc_16,
          vaults_room_stairs_pillars, grunt_vaults_hallway_long,
          nicolae_vaults_circle_grid_b, ontoclasm_vaults_bender,
          nicolae_vaults_little_squares_6, vaults_mumra_hexcomb,
          vaults_dpeg_diagonal, layout_vaults_quadrants
Depths:1: layout_cave_pools, pf_vacation_house_of_asmodeus, serial_bayou_pond_a,
          minmay_multi_spiral
Depths:2: spriggan_forest, hell_entry, pan_entry
Depths:3: nzn_winding_woodlands_cross [nzn_winding_woodlands_5x15_garden,
          nzn_winding_woodlands_5x15_parted, nzn_winding_woodlands_5x15_twine,
          nzn_winding_woodlands_5x15_sidewinder,
          nzn_winding_woodlands_15x15_killbox], layout_honeycomb,
          grunt_mini_vestibule, hangedman_decor_points, abyss_entry
Depths:4: grunt_zot_entry_alcove, layout_honeycomb, enter_ziggurat_d,
          hell_entry, columned_hall_lemuel, slow_altar_1, uniq_margery

Skill      XL: |  1  2  3  4  5  6  7  8  9 10 11 12 13 14 15 16 17 18 19 20 21 22 23 |
---------------+----------------------------------------------------------------------+-----
Fighting       | 4 5 6 7 8 9 11 12 14 15 16 18 19 20 21 22 | 22.3
Maces & Flails | 3 4 5 6 7 8 10 11 12 13 14 15 16 17 18 19 20 | 20.9
Throwing       | 1 2 3 |  3.0
Armour         | 5 7 9 10 11 12 13 14 15 16 17 18 19 20 | 20.8
Dodging        | 2 3 4 5 6 7 8 10 11 12 13 14 15 | 15.1
Shields        | 4 6 8 9 11 13 14 15 16 17 18 19 | 19.2

Action                   |  1- 3 |  4- 6 |  7- 9 | 10-12 | 13-15 | 16-18 | 19-21 | 22-24 || total
-------------------------+-------+-------+-------+-------+-------+-------+-------+-------++-------
Melee: Flail             |    79 |   119 |   198 |   170 |   917 |  1558 |       |       ||  3041
       Morningstar       |       |       |    22 |       |       |   596 |  1228 |   822 ||  2668
       Mace              |       |       |    77 |   575 |   551 |    60 |   715 |       ||  1978
       Demon whip        |       |       |       |       |       |       |       |    36 ||    36
Throw: Dart              |       |    65 |    76 |   149 |    26 |   215 |    76 |       ||   607
       Javelin           |       |     2 |    20 |    10 |       |     9 |    42 |    55 ||   138
       Boomerang         |       |       |       |     4 |    27 |    37 |   206 |       ||   274
       Throwing net      |       |       |       |       |       |     4 |       |       ||     4
Invok: Reject Sacrifices |       |       |       |     1 |     1 |     2 |     2 |     1 ||     7
       Sacrifice Love    |       |       |       |     1 |       |       |       |       ||     1
       Sacrifice Arcana  |       |       |       |       |     1 |       |       |       ||     1
       Sacrifice Purity  |       |       |       |       |       |     1 |     1 |       ||     2
       Apocalypse        |       |       |       |       |       |     2 |     1 |     1 ||     4
       Power Leap        |       |       |       |       |       |     1 |       |       ||     1
       Sacrifice Artific |       |       |       |       |       |     1 |       |       ||     1
Evoke: Wand              |       |       |       |    18 |    33 |    31 |       |       ||    82
  Use: Scroll            |       |       |     7 |    13 |    12 |    14 |     7 |    13 ||    66
       Potion            |       |       |     1 |    11 |     5 |    13 |    22 |    12 ||    64
 Stab: Distracted        |       |       |       |       |     2 |     8 |    18 |     8 ||    36
       Paralysed         |       |       |       |       |       |     1 |       |     5 ||     6
       Held in net/web   |       |       |       |       |       |     1 |       |       ||     1
       Invisible         |       |       |       |       |       |     1 |     2 |     3 ||     6
Armor: Scale mail        |    49 |    50 |    69 |       |       |       |       |       ||   168
       Chain mail        |       |       |   129 |   160 |       |       |       |       ||   289
       Crystal plate arm |       |       |       |   418 |  1297 |  1271 |   112 |       ||  3098
       Plate armour      |       |       |       |       |       |       |   582 |       ||   582
       Gold dragon scale |       |       |       |       |       |       |   113 |   342 ||   455
Dodge: Dodged            |    54 |    45 |   111 |   272 |   727 |  1016 |   667 |   284 ||  3176
       Repelled          |       |       |     1 |     2 |     8 |    18 |    61 |    13 ||   103
Block: Buckler           |    11 |    24 |    65 |   144 |   533 |   134 |       |       ||   911
       Tower shield      |       |       |       |       |       |  2691 |  2275 |   891 ||  5857
       Rpst.: Flail      |       |       |       |       |       |    64 |       |       ||    64
       Morningstar       |       |       |       |       |       |    34 |    69 |    39 ||   142
       Mace              |       |       |       |       |       |    11 |    55 |       ||    66
       Demon whip        |       |       |       |       |       |       |       |     6 ||     6

Table legend: (Time is in decaauts)
 A = Elapsed time spent in this place.
 B = Non-inter-level travel time spent in this place.
 C = Inter-level travel time spent in this place.
 D = Time resting spent in this place.
 E = Time spent auto-exploring this place.
 F = Levels seen in this place.
 G = Mean time per level.
                   A        B        C        D        E       F      G
               +--------+--------+--------+--------+--------+-----+--------+
         Total |  92325 |  87589 |   4736 |  36379 |  33186 |  49 | 1884.2 |
       Dungeon |  29121 |  27071 |   2050 |  10576 |  11949 |  15 | 1941.4 |
        Temple |    106 |     89 |     17 |      0 |     39 |   1 |  106.0 |
          Lair |  14521 |  13158 |   1363 |   4413 |   6193 |   6 | 2420.2 |
        Shoals |   9546 |   9249 |    297 |   4213 |   3153 |   4 | 2386.5 |
   Spider Nest |   8733 |   8521 |    212 |   3182 |   3478 |   4 | 2183.2 |
    Slime Pits |   8416 |   8186 |    230 |   5926 |    934 |   5 | 1683.2 |
  Orcish Mines |   3983 |   3765 |    218 |   1791 |   1036 |   2 | 1991.5 |
   Elven Halls |   3777 |   3657 |    120 |    839 |   1795 |   3 | 1259.0 |
        Vaults |    640 |    640 |      0 |    334 |     93 |   1 |  640.0 |
        Depths |  10714 |  10488 |    226 |   3509 |   4319 |   4 | 2678.5 |
         Abyss |    373 |    373 |      0 |    101 |      0 |   1 |  373.0 |
      Ice Cave |    653 |    653 |      0 |    500 |      0 |   1 |  653.0 |
       Volcano |   1190 |   1190 |      0 |    943 |      0 |   1 | 1190.0 |
      Gauntlet |    547 |    547 |      0 |     51 |    196 |   1 |  547.0 |
               +--------+--------+--------+--------+--------+-----+--------+

Top non-repeatable levels by time:
    D:15: 4482 daAuts
    D:11: 3849 daAuts
Depths:3: 3161 daAuts
  Lair:2: 2967 daAuts
  Lair:4: 2853 daAuts
Depths:4: 2832 daAuts
Spider:1: 2761 daAuts
    D:14: 2760 daAuts
Shoals:1: 2758 daAuts
  Lair:1: 2703 daAuts
     D:8: 2629 daAuts
Depths:2: 2584 daAuts
 Slime:4: 2522 daAuts
Spider:2: 2461 daAuts
Shoals:2: 2403 daAuts
